Workbook

Sheet PACC - SNCC.F.053
A2: SNCC.F.053 | N2: Fecha de Revisión | O2: 44116
N3: Fecha de Aprobación
N4: Versión | O4: 1
N5: No. de Páginas
A6: NOMBRE DE LA ENTIDAD:HOSPITAL REGIONAL UNIVERISTARIO PRESIDENTE ESTRELLA UREÑA
A7: PLAN ANUAL DE COMPRAS Y CONTRATACIONES AÑO 2021
D9: FECHA DE NECESIDAD
A10: CÓDIGO DEL CATÁLOGO DE BIENES Y SERVICIOS (CBS) | B10: DESCRIPCIÓN DE LA COMPRA O CONTRATACIÓN | C10: UNIDAD DE MEDIDA | D10: PRIMER TRIMESTRE | E10: SEGUNDO TRIMESTRE | F10: TERCER TRIMESTRE | G10: CUARTO TRIMESTRE | H10: CANTIDAD TOTAL | I10: PRECIO UNITARIO ESTIMADO | J10: COSTO TOTAL UNITARIO | K10: COSTO TOTAL POR CÓDIGO DE CATÁLOGO DE BIENES Y SERVICIOS (CBS) | L10: PROCEDIMIENTO DE SELECCIÓN | M10: FUENTE DE FINANCIAMIENTO | N10: VALOR ADQUIRIDO | O10: OBSERVACIÓN
A11: 1510 - Combustibles | B11: COMPRAS DE COMBUSTIBLES | C11: GALON | D11: 1000 | E11: 1500 | F11: 1000 | G11: 1500 | H11: =SUM('PACC - SNCC.F.053'!$D11:$G11) -> 5000 | I11: 225 | J11: =+H11*I11 -> 1125000 | K11: =SUM(J11:J15) -> 1154725 | L11: COMPRA MENOR | M11: VENTA DE SERVICIO | T11: 1010 - Animales vivos | W11: LICITACIÓN PÚBLICA INTERNACIONAL
A12: 5020 - Bebidas | B12: BOTELLAS DE AGUA | C12: UNIDAD | D12: 200 | E12: 225 | F12: 200 | G12: 450 | H12: =SUM('PACC - SNCC.F.053'!$D12:$G12) -> 1075 | I12: 15 | J12: =+H12*I12 -> 16125 | K12: =SUM(J12:J16) -> 31725 | L12: COMPRA MENOR | M12: VENTA DE SERVICIO | T12: 1011 - Productos de casa para el animal doméstico | W12: LICITACIÓN PÚBLICA NACIONAL
A13: 5020 - Bebidas | B13: BOTELLONES DE AGUA | C13: UNIDAD | D13: 50 | E13: 75 | F13: 75 | G13: 125 | H13: =SUM('PACC - SNCC.F.053'!$D13:$G13) -> 325 | I13: 20 | J13: =+H13*I13 -> 6500 | L13: COMPRA MENOR | M13: VENTA DE SERVICIO | T13: 1012 - Pienso para animales | W13: LICITACIÓN RESTRINGIDA
A14: 5020 - Bebidas | B14: TE CALIENTE 25/1 | C14: UNIDAD | D14: 5 | E14: 10 | F14: 5 | G14: 15 | H14: =SUM('PACC - SNCC.F.053'!$D14:$G14) -> 35 | I14: 110 | J14: =+H14*I14 -> 3850 | L14: COMPRA MENOR | M14: VENTA DE SERVICIO | T14: 1013 - Recipientes y hábitat para animales | W14: SORTEO DE OBRAS
A15: 5020 - Bebidas | B15: CAFÉ 20/1 | C15: UNIDAD | D15: 3 | E15: 2 | F15: 2 | G15: 6 | H15: =SUM('PACC - SNCC.F.053'!$D15:$G15) -> 13 | I15: 250 | J15: =+H15*I15 -> 3250 | L15: COMPRA MENOR | M15: VENTA DE SERVICIO | T15: 1014 - Artículos de talabartería y arreos | W15: COMPARACIÓN DE PRECIOS
A16: 5020 - Bebidas | B16: TE FRIO | C16: UNIDAD | D16: 2 | E16: 2 | F16: 2 | G16: 2 | H16: =SUM('PACC - SNCC.F.053'!$D16:$G16) -> 8 | I16: 250 | J16: =+H16*I16 -> 2000 | L16: COMPRA MENOR | M16: VENTA DE SERVICIO | T16: 1015 - Semillas, bulbos, plántulas y esquejes | W16: COMPRA MENOR
A17: 5016 - Chocolates, azúcares, edulcorantes y productos de confitería | B17: CREMORA | C17: UNIDAD | D17: 50 | E17: 75 | F17: 75 | G17: 50 | H17: =SUM('PACC - SNCC.F.053'!$D17:$G17) -> 250 | I17: 175 | J17: =+H17*I17 -> 43750 | K17: =SUM(J17:J18) -> 44375 | L17: COMPRA MENOR | M17: VENTA DE SERVICIO | T17: 1016 - Productos de floricultura y silvicultura | W17: COMPRA DIRECTA
A18: 5016 - Chocolates, azúcares, edulcorantes y productos de confitería | B18: AZUCAR 5 LIBRAS | C18: U | D18: 5 | E18: 10 | F18: 5 | G18: 5 | H18: =SUM('PACC - SNCC.F.053'!$D18:$G18) -> 25 | I18: 25 | J18: =+H18*I18 -> 625 | K18: =SUM(J18:J19) -> 620625 | L18: COMPRA MENOR | M18: VENTA DE SERVICIO | T18: 1017 - Abonos, nutrientes para plantas y herbicidas
A19: 4412 - Suministros de oficina | B19: PAPEL 8 1/2 x 11 | C19: RESMA | D19: 1000 | E19: 1000 | F19: 1000 | G19: 1000 | H19: =SUM('PACC - SNCC.F.053'!$D19:$G19) -> 4000 | I19: 155 | J19: =+H19*I19 -> 620000 | K19: =SUM(J19:J20) -> 960000 | L19: COMPRA MENOR | M19: VENTA DE SERVICIO | T19: 1019 - Productos para el control de plagas y malas hierbas
A20: 4412 - Suministros de oficina | B20: PAPEL 8 1/2 X 14 | C20: RESMA | D20: 500 | E20: 500 | F20: 500 | G20: 500 | H20: =SUM('PACC - SNCC.F.053'!$D20:$G20) -> 2000 | I20: 170 | J20: =+H20*I20 -> 340000 | K20: =SUM(J20:J21) -> 358000 | L20: COMPRA MENOR | M20: VENTA DE SERVICIO | T20: 1110 - Minerales, minerales metálicos y metales
A21: 4412 - Suministros de oficina | B21: LAPICES DE CARBON | C21: CAJA | D21: 50 | E21: 50 | F21: 50 | G21: 50 | H21: =SUM('PACC - SNCC.F.053'!$D21:$G21) -> 200 | I21: 90 | J21: =+H21*I21 -> 18000 | K21: =SUM(J21:J22) -> 114000 | L21: COMPRA MENOR | M21: VENTA DE SERVICIO | T21: 1111 - Tierra y piedra
A22: 4412 - Suministros de oficina | B22: FOLDER 8 1/2 X 11 | C22: CAJA | D22: 150 | E22: 150 | F22: 150 | G22: 150 | H22: =SUM('PACC - SNCC.F.053'!$D22:$G22) -> 600 | I22: 160 | J22: =+H22*I22 -> 96000 | K22: =SUM(J22:J23) -> 176000 | L22: COMPRA MENOR | M22: VENTA DE SERVICIO | T22: 1112 - Productos no comestibles de planta y silvicultura
A23: 4412 - Suministros de oficina | B23: FOLDER 8 1/2 X 11 COLORES | C23: CAJA | D23: 100 | E23: 100 | F23: 100 | G23: 100 | H23: =SUM('PACC - SNCC.F.053'!$D23:$G23) -> 400 | I23: 200 | J23: =+H23*I23 -> 80000 | K23: =SUM(J23:J24) -> 146000 | L23: COMPRA MENOR | M23: VENTA DE SERVICIO | T23: 1113 - Productos animales no comestibles
A24: 4412 - Suministros de oficina | B24: BOLIGRAFOS AZULES/ LAPICEROS | C24: CAJA | D24: 150 | E24: 150 | F24: 150 | G24: 150 | H24: =SUM('PACC - SNCC.F.053'!$D24:$G24) -> 600 | I24: 110 | J24: =+H24*I24 -> 66000 | K24: =SUM(J24:J25) -> 266000 | L24: COMPRA MENOR | M24: VENTA DE SERVICIO | T24: 1114 - Chatarra y materiales de desecho
A25: 4412 - Suministros de oficina | B25: PAPER CLIPS 50 MM | C25: CAJA | D25: 1000 | E25: 1000 | F25: 1000 | G25: 1000 | H25: =SUM('PACC - SNCC.F.053'!$D25:$G25) -> 4000 | I25: 50 | J25: =+H25*I25 -> 200000 | K25: =SUM(J25:J26) -> 380000 | L25: COMPRA MENOR | M25: VENTA DE SERVICIO | T25: 1115 - Fibra, hilos e hilados
A26: 4412 - Suministros de oficina | B26: PAPER CLIPS 33 MM | C26: CAJA | D26: 1000 | E26: 1000 | F26: 1000 | G26: 1000 | H26: =SUM('PACC - SNCC.F.053'!$D26:$G26) -> 4000 | I26: 45 | J26: =+H26*I26 -> 180000 | K26: =SUM(J26:J27) -> 260000 | L26: COMPRA MENOR | M26: VENTA DE SERVICIO | T26: 1116 - Tejidos y materiales de cuero
A27: 4412 - Suministros de oficina | B27: METAL PAPER FASTERNER 70 MM | C27: CAJA | D27: 100 | E27: 100 | F27: 100 | G27: 100 | H27: =SUM('PACC - SNCC.F.053'!$D27:$G27) -> 400 | I27: 200 | J27: =+H27*I27 -> 80000 | K27: =SUM(J27:J28) -> 170000 | L27: COMPRA MENOR | M27: VENTA DE SERVICIO | T27: 1117 - Aleaciones
A28: 4412 - Suministros de oficina | B28: GRAPAS 26/6 | C28: CAJA | D28: 150 | E28: 150 | F28: 150 | G28: 150 | H28: =SUM('PACC - SNCC.F.053'!$D28:$G28) -> 600 | I28: 150 | J28: =+H28*I28 -> 90000 | K28: =SUM(J28:J29) -> 154000 | L28: COMPRA MENOR | M28: VENTA DE SERVICIO | T28: 1118 - Óxido metálico
A29: 4412 - Suministros de oficina | B29: LIGA DE HULE | C29: CAJA | D29: 100 | E29: 100 | F29: 100 | G29: 100 | H29: =SUM('PACC - SNCC.F.053'!$D29:$G29) -> 400 | I29: 160 | J29: =+H29*I29 -> 64000 | K29: =SUM(J29:J30) -> 68000 | L29: COMPRA MENOR | M29: VENTA DE SERVICIO | T29: 1119 - Desechos metálicos y chatarra
... A303: 5255 - Categorías de medicamentos varios | B303: TUBOS SIMPLE CON MALLA LL-46 | C303: CAJA | D303: 60 | E303: 60 | F303: 60 | G303: 60 | H303: =SUM('PACC - SNCC.F.053'!$D303:$G303) -> 240 | I303: 1932.2 | J303: =+H303*I303 -> 463728 | K303: =SUM(J303:J304) -> 524088 | L303: COMPARACIÓN DE PRECIOS | M303: ANTICIPO FINANCIERO | T303: 8011 - Servicios de recursos humanos
A304: 5256 - Categorías de medicamentos varios | B304: V-LAB EMBARAZO 30/1 | C304: CAJA | D304: 15 | E304: 15 | F304: 15 | G304: 15 | H304: =SUM('PACC - SNCC.F.053'!$D304:$G304) -> 60 | I304: 1,006.00 | J304: =+H304*I304 -> 60360 | K304: =SUM(J304:J305) -> 673391.28 | L304: COMPARACIÓN DE PRECIOS | M304: ANTICIPO FINANCIERO | T304: 8012 - Servicios legales
A305: 5257 - Categorías de medicamentos varios | B305: MAGLUMI HTLV1+11 | C305: CAJA | D305: 6 | E305: 6 | F305: 6 | G305: 6 | H305: =SUM('PACC - SNCC.F.053'!$D305:$G305) -> 24 | I305: 25,542.97 | J305: =+H305*I305 -> 613031.28 | K305: =SUM(J305:J306) -> 982631.28 | L305: COMPARACIÓN DE PRECIOS | M305: ANTICIPO FINANCIERO | T305: 8013 - Servicios inmobiliarios
A306: 5258 - Categorías de medicamentos varios | B306: PT 4ML VIAL | C306: CAJA | D306: 240 | E306: 240 | F306: 240 | G306: 240 | H306: =SUM('PACC - SNCC.F.053'!$D306:$G306) -> 960 | I306: 385.00 | J306: =+H306*I306 -> 369600 | K306: =SUM(J306:J307) -> 798240 | L306: COMPARACIÓN DE PRECIOS | M306: ANTICIPO FINANCIERO | T306: 8014 - Comercialización y distribución
A307: 5259 - Categorías de medicamentos varios | B307: CUBETAS P/COAGULOMETRO PAQ/200 | C307: UNIDAD | D307: 60 | E307: 60 | F307: 60 | G307: 60 | H307: =SUM('PACC - SNCC.F.053'!$D307:$G307) -> 240 | I307: 1,786.00 | J307: =+H307*I307 -> 428640 | K307: =SUM(J307:J308) -> 588960 | L307: COMPARACIÓN DE PRECIOS | M307: ANTICIPO FINANCIERO | T307: 8015 - Política comercial y servicios
A308: 5260 - Categorías de medicamentos varios | B308: CLORURO CALCIO 4ML | C308: UNIDAD | D308: 120 | E308: 120 | F308: 120 | G308: 120 | H308: =SUM('PACC - SNCC.F.053'!$D308:$G308) -> 480 | I308: 334.00 | J308: =+H308*I308 -> 160320 | K308: =SUM(J308:J309) -> 177772.8 | L308: COMPARACIÓN DE PRECIOS | M308: ANTICIPO FINANCIERO | T308: 8016 - Servicios de administración de empresas
A309: 5261 - Categorías de medicamentos varios | B309: AMOXICILINA/ACIDO CLAVULANICO 30 | C309: UNIDAD | D309: 18 | E309: 18 | F309: 18 | G309: 18 | H309: =SUM('PACC - SNCC.F.053'!$D309:$G309) -> 72 | I309: 242.40 | J309: =+H309*I309 -> 17452.8 | K309: =SUM(J309:J310) -> 108652.8 | L309: COMPARACIÓN DE PRECIOS | M309: ANTICIPO FINANCIERO | T309: 8110 - Servicios profesionales de ingeniería
A310: 5262 - Categorías de medicamentos varios | B310: FALCEMIA | C310: CAJA | D310: 6 | E310: 6 | F310: 6 | G310: 6 | H310: =SUM('PACC - SNCC.F.053'!$D310:$G310) -> 24 | I310: 3,800.00 | J310: =+H310*I310 -> 91200 | K310: =SUM(J310:J311) -> 325800 | L310: COMPARACIÓN DE PRECIOS | M310: ANTICIPO FINANCIERO | T310: 8111 - Servicios informáticos
A311: 5263 - Categorías de medicamentos varios | B311: PROTEINA C REACTIVA,100 PRUEBAS | C311: CAJA | D311: 30 | E311: 30 | F311: 30 | G311: 30 | H311: =SUM('PACC - SNCC.F.053'!$D311:$G311) -> 120 | I311: 1,955.00 | J311: =+H311*I311 -> 234600 | K311: =SUM(J311:J312) -> 267720 | L311: COMPARACIÓN DE PRECIOS | M311: ANTICIPO FINANCIERO | T311: 8112 - Economía
A312: 5264 - Categorías de medicamentos varios | B312: AMILASA DIRECTA 60T | C312: CAJA | D312: 6 | E312: 6 | F312: 6 | G312: 6 | H312: =SUM('PACC - SNCC.F.053'!$D312:$G312) -> 24 | I312: 1,380.00 | J312: =+H312*I312 -> 33120 | K312: =SUM(J312:J313) -> 540960 | L312: COMPARACIÓN DE PRECIOS | M312: ANTICIPO FINANCIERO | T312: 8113 - Estadística
A313: 5265 - Categorías de medicamentos varios | B313: BIL TOTAL 230T | C313: CAJA | D313: 24 | E313: 24 | F313: 24 | G313: 24 | H313: =SUM('PACC - SNCC.F.053'!$D313:$G313) -> 96 | I313: 5,290.00 | J313: =+H313*I313 -> 507840 | K313: =SUM(J313:J314) -> 717600 | L313: COMPARACIÓN DE PRECIOS | M313: ANTICIPO FINANCIERO | T313: 8114 - Tecnologías de fabricación
A314: 5266 - Categorías de medicamentos varios | B314: TRIGLICERIDOS 190T | C314: CAJA | D314: 12 | E314: 12 | F314: 12 | G314: 12 | H314: =SUM('PACC - SNCC.F.053'!$D314:$G314) -> 48 | I314: 4,370.00 | J314: =+H314*I314 -> 209760 | K314: =SUM(J314:J315) -> 313260 | L314: COMPARACIÓN DE PRECIOS | M314: ANTICIPO FINANCIERO | T314: 8115 - Servicios de pedología
A315: 5267 - Categorías de medicamentos varios | B315: AGUA DESTILADA GAL | C315: GALON | D315: 150 | E315: 150 | F315: 150 | G315: 150 | H315: =SUM('PACC - SNCC.F.053'!$D315:$G315) -> 600 | I315: 172.50 | J315: =+H315*I315 -> 103500 | K315: =SUM(J315:J316) -> 706394.4 | L315: COMPARACIÓN DE PRECIOS | M315: ANTICIPO FINANCIERO | T315: 8210 - Publicidad
... A362: 5314 - Categorías de medicamentos varios | B362: INTRAX ACIDO TRANEXAMINICO 500MG. 5 ML AMP. | C362: CAJA | D362: 1500 | E362: 1500 | F362: 1500 | G362: 1500 | H362: =SUM('PACC - SNCC.F.053'!$D362:$G362) -> 6000 | I362: 780.00 | J362: =+H362*I362 -> 4680000 | K362: =SUM(J362:J363) -> 4836000 | L362: COMPARACIÓN DE PRECIOS | M362: ANTICIPO FINANCIERO | T362: 9413 - Organizaciones, asociaciones y movimientos cívicos
A363: 5315 - Categorías de medicamentos varios | B363: CAL SODADA CANISTER PACK (FUNDA) | C363: CAJA | D363: 30 | E363: 30 | F363: 30 | G363: 30 | H363: =SUM('PACC - SNCC.F.053'!$D363:$G363) -> 120 | I363: 1,300.00 | J363: =+H363*I363 -> 156000 | K363: =SUM(J363:J364) -> 175200 | L363: COMPARACIÓN DE PRECIOS | M363: ANTICIPO FINANCIERO
A364: 5316 - Categorías de medicamentos varios | B364: ALGODÓN 1/2 LB. ROLLO | C364: UNIDAD | D364: 60 | E364: 60 | F364: 60 | G364: 60 | H364: =SUM('PACC - SNCC.F.053'!$D364:$G364) -> 240 | I364: 80.00 | J364: =+H364*I364 -> 19200 | K364: =SUM(J364:J365) -> 389700 | L364: COMPARACIÓN DE PRECIOS | M364: ANTICIPO FINANCIERO
A365: 5317 - Categorías de medicamentos varios | B365: YODO SOLUCION 10% GL. | C365: CALON | D365: 75 | E365: 75 | F365: 75 | G365: 75 | H365: =SUM('PACC - SNCC.F.053'!$D365:$G365) -> 300 | I365: 1,235.00 | J365: =+H365*I365 -> 370500 | K365: =SUM(J365:J366) -> 838500 | L365: COMPARACIÓN DE PRECIOS | M365: ANTICIPO FINANCIERO
A366: 5318 - Categorías de medicamentos varios | B366: DOBUTAMINA 250 MG/5ML. | C366: UNIDAD | D366: 300 | E366: 300 | F366: 300 | G366: 300 | H366: =SUM('PACC - SNCC.F.053'!$D366:$G366) -> 1200 | I366: 390.00 | J366: =+H366*I366 -> 468000 | K366: =SUM(J366:J367) -> 560400 | L366: COMPARACIÓN DE PRECIOS | M366: ANTICIPO FINANCIERO
A367: 5319 - Categorías de medicamentos varios | B367: FITOMENADIONA 1 MG./1ML. | C367: UNIDAD | D367: 1500 | E367: 1500 | F367: 1500 | G367: 1500 | H367: =SUM('PACC - SNCC.F.053'!$D367:$G367) -> 6000 | I367: 15.40 | J367: =+H367*I367 -> 92400 | K367: =SUM(J367:J368) -> 263400 | L367: COMPARACIÓN DE PRECIOS | M367: ANTICIPO FINANCIERO
A368: 5320 - Categorías de medicamentos varios | B368: BACTRIX PLUS 2% 5LT. | C368: UNIDAD | D368: 45 | E368: 45 | F368: 45 | G368: 45 | H368: =SUM('PACC - SNCC.F.053'!$D368:$G368) -> 180 | I368: 950.00 | J368: =+H368*I368 -> 171000 | K368: =SUM(J368:J369) -> 330600 | L368: COMPARACIÓN DE PRECIOS | M368: ANTICIPO FINANCIERO
A369: 5321 - Categorías de medicamentos varios | B369: SULFATO DE MAGNESIO 20% 10 ML. | C369: UNIDAD | D369: 1500 | E369: 1500 | F369: 1500 | G369: 1500 | H369: =SUM('PACC - SNCC.F.053'!$D369:$G369) -> 6000 | I369: 26.60 | J369: =+H369*I369 -> 159600 | K369: =SUM(J369:J370) -> 3279600 | L369: COMPARACIÓN DE PRECIOS | M369: ANTICIPO FINANCIERO
A370: 5322 - Categorías de medicamentos varios | B370: SOLUCIONES SALINA 0.9% 100 ML. | C370: UNIDAD | D370: 15000 | E370: 15000 | F370: 15000 | G370: 15000 | H370: =SUM('PACC - SNCC.F.053'!$D370:$G370) -> 60000 | I370: 52.00 | J370: =+H370*I370 -> 3120000 | K370: =SUM(J370:J371) -> 3744000 | L370: COMPARACIÓN DE PRECIOS | M370: ANTICIPO FINANCIERO
A371: 5323 - Categorías de medicamentos varios | B371: SOLUCIONES SALINA 0.9% 500 ML. | C371: UNIDAD | D371: 3000 | E371: 3000 | F371: 3000 | G371: 3000 | H371: =SUM('PACC - SNCC.F.053'!$D371:$G371) -> 12000 | I371: 52.00 | J371: =+H371*I371 -> 624000 | K371: =SUM(J371:J372) -> 720000 | L371: COMPARACIÓN DE PRECIOS | M371: ANTICIPO FINANCIERO
A372: 5324 - Categorías de medicamentos varios | B372: CLOPIDOGREL 75MG X 100 TAB | C372: UNIDAD | D372: 300 | E372: 300 | F372: 300 | G372: 300 | H372: =SUM('PACC - SNCC.F.053'!$D372:$G372) -> 1200 | I372: 80.00 | J372: =+H372*I372 -> 96000 | K372: =SUM(J372:J373) -> 480000 | L372: COMPARACIÓN DE PRECIOS | M372: ANTICIPO FINANCIERO
A373: 5325 - Categorías de medicamentos varios | B373: NIFEDIPINA RET 60MG X 30 TAB. | C373: UNIDAD | D373: 1200 | E373: 1200 | F373: 1200 | G373: 1200 | H373: =SUM('PACC - SNCC.F.053'!$D373:$G373) -> 4800 | I373: 80.00 | J373: =+H373*I373 -> 384000 | K373: =SUM(J373:J374) -> 672000 | L373: COMPARACIÓN DE PRECIOS | M373: ANTICIPO FINANCIERO
A374: 5326 - Categorías de medicamentos varios | B374: ROSUVASTATINA 20MG X 30 TAB. | C374: UNIDAD | D374: 900 | E374: 900 | F374: 900 | G374: 900 | H374: =SUM('PACC - SNCC.F.053'!$D374:$G374) -> 3600 | I374: 80.00 | J374: =+H374*I374 -> 288000 | K374: =SUM(J374:J375) -> 336768 | L374: COMPARACIÓN DE PRECIOS | M374: ANTICIPO FINANCIERO
... A386: 5338 - Categorías de medicamentos varios | B386: DEXAMETASONA AMP. | C386: UNIDAD | D386: 1689 | E386: 1689 | F386: 1689 | G386: 1689 | H386: =SUM('PACC - SNCC.F.053'!$D386:$G386) -> 6756 | I386: 15.00 | J386: =+H386*I386 -> 101340 | K386: =SUM(J386:J387) -> 481500 | L386: COMPARACIÓN DE PRECIOS | M386: ANTICIPO FINANCIERO
A387: 4214 - Suministros y productos de tratamiento y cuidado del enfermo | B387: BAJANTE DE SUERO | C387: UNIDAD | D387: 5280 | E387: 5280 | F387: 5280 | G387: 5280 | H387: =SUM('PACC - SNCC.F.053'!$D387:$G387) -> 21120 | I387: 18 | J387: =+H387*I387 -> 380160 | K387: =SUM(J387:J388) -> 942960 | L387: COMPARACIÓN DE PRECIOS | M387: ANTICIPO FINANCIERO
A388: 5340 - Categorías de medicamentos varios | B388: DICYNONE 250MG | C388: UNIDAD | D388: 420 | E388: 420 | F388: 420 | G388: 420 | H388: =SUM('PACC - SNCC.F.053'!$D388:$G388) -> 1680 | I388: 335.00 | J388: =+H388*I388 -> 562800 | K388: =SUM(J388:J389) -> 1100912.6 | L388: COMPARACIÓN DE PRECIOS | M388: ANTICIPO FINANCIERO
A389: 5341 - Categorías de medicamentos varios | B389: CITEX 200MG X 30 COMPRIMIDO | C389: CAJA | D389: 39 | E389: 39 | F389: 39 | G389: 39 | H389: =SUM('PACC - SNCC.F.053'!$D389:$G389) -> 156 | I389: 3,449.44 | J389: =+H389*I389 -> 538112.64 | K389: =SUM(J389:J390) -> 2308112.6 | L389: COMPARACIÓN DE PRECIOS | M389: ANTICIPO FINANCIERO
A390: 4214 - Suministros y productos de tratamiento y cuidado del enfermo | B390: BATA QUIRURGICA NIVEL 2-MANGAS LARGAS | C390: UNIDAD | D390: 1500 | E390: 1500 | F390: 1500 | G390: 1500 | H390: =SUM('PACC - SNCC.F.053'!$D390:$G390) -> 6000 | I390: 295.00 | J390: =+H390*I390 -> 1770000 | K390: =SUM(J390:J391) -> 2190000 | L390: COMPARACIÓN DE PRECIOS | M390: ANTICIPO FINANCIERO
A391: 4214 - Suministros y productos de tratamiento y cuidado del enfermo | B391: GALON JABON LIQUIDO ANTIBACTERIAL | C391: GALON | D391: 150 | E391: 150 | F391: 150 | G391: 150 | H391: =SUM('PACC - SNCC.F.053'!$D391:$G391) -> 600 | I391: 700.00 | J391: =+H391*I391 -> 420000 | K391: =SUM(J391:J392) -> 742176 | L391: COMPARACIÓN DE PRECIOS | M391: ANTICIPO FINANCIERO
A392: 4214 - Suministros y productos de tratamiento y cuidado del enfermo | B392: GUANTES QUIRURGICOS ESTERIL 8 | C392: UNIDAD | D392: 4800 | E392: 4800 | F392: 4800 | G392: 4800 | H392: =SUM('PACC - SNCC.F.053'!$D392:$G392) -> 19200 | I392: 16.78 | J392: =+H392*I392 -> 322176 | K392: =SUM(J392:J393) -> 422856 | L392: COMPARACIÓN DE PRECIOS | M392: ANTICIPO FINANCIERO
A393: 4214 - Suministros y productos de tratamiento y cuidado del enfermo | B393: GUANTES QUIRURGICOS ESTERIL 7 | C393: UNIDAD | D393: 1500 | E393: 1500 | F393: 1500 | G393: 1500 | H393: =SUM('PACC - SNCC.F.053'!$D393:$G393) -> 6000 | I393: 16.78 | J393: =+H393*I393 -> 100680 | K393: =SUM(J393:J394) -> 146544 | L393: COMPARACIÓN DE PRECIOS | M393: ANTICIPO FINANCIERO
A394: 5346 - Categorías de medicamentos varios | B394: GORRO DE CIRUJANO | C394: UNIDAD | D394: 3900 | E394: 3900 | F394: 3900 | G394: 3900 | H394: =SUM('PACC - SNCC.F.053'!$D394:$G394) -> 15600 | I394: 2.94 | J394: =+H394*I394 -> 45864 | K394: =SUM(J394:J395) -> 114624 | L394: COMPARACIÓN DE PRECIOS | M394: ANTICIPO FINANCIERO
A395: 5347 - Categorías de medicamentos varios | B395: JERINGA 1CC | C395: UNIDAD | D395: 9000 | E395: 9000 | F395: 9000 | G395: 9000 | H395: =SUM('PACC - SNCC.F.053'!$D395:$G395) -> 36000 | I395: 1.91 | J395: =+H395*I395 -> 68760 | K395: =SUM(J395:J396) -> 117480 | L395: COMPARACIÓN DE PRECIOS | M395: ANTICIPO FINANCIERO
A396: 5348 - Categorías de medicamentos varios | B396: JERINGA HIPODERMICA 3ML | C396: UNIDAD | D396: 6000 | E396: 6000 | F396: 6000 | G396: 6000 | H396: =SUM('PACC - SNCC.F.053'!$D396:$G396) -> 24000 | I396: 2.03 | J396: =+H396*I396 -> 48720 | K396: =SUM(J396:J397) -> 332124 | L396: COMPARACIÓN DE PRECIOS | M396: ANTICIPO FINANCIERO
A397: 5349 - Categorías de medicamentos varios | B397: JERINGA HIPODERMICA 5ML | C397: UNIDAD | D397: 33900 | E397: 33900 | F397: 33900 | G397: 33900 | H397: =SUM('PACC - SNCC.F.053'!$D397:$G397) -> 135600 | I397: 2.09 | J397: =+H397*I397 -> 283404 | K397: =SUM(J397:J398) -> 1275564 | L397: COMPARACIÓN DE PRECIOS | M397: ANTICIPO FINANCIERO
A398: 5350 - Categorías de medicamentos varios | B398: JERINGA 10 ML. | C398: UNIDAD | D398: 78000 | E398: 78000 | F398: 78000 | G398: 78000 | H398: =SUM('PACC - SNCC.F.053'!$D398:$G398) -> 312000 | I398: 3.18 | J398: =+H398*I398 -> 992160 | K398: =SUM(J398:J399) -> 1025712 | L398: COMPARACIÓN DE PRECIOS | M398: ANTICIPO FINANCIERO
A399: 5351 - Categorías de medicamentos varios | B399: MASCARILLA P/NEBULIZAR PED. | C399: UNIDAD | D399: 150 | E399: 150 | F399: 150 | G399: 150 | H399: =SUM('PACC - SNCC.F.053'!$D399:$G399) -> 600 | I399: 55.92 | J399: =+H399*I399 -> 33552 | K399: =SUM(J399:J400) -> 309456 | L399: COMPARACIÓN DE PRECIOS | M399: ANTICIPO FINANCIERO
... A427: 4213 - Telas y vestidos médicos | B427: BATAS IMPERMEABLES | C427: UNIDAD | D427: 12 | E427: 12 | F427: 12 | G427: 12 | H427: =SUM('PACC - SNCC.F.053'!$D427:$G427) -> 48 | I427: 850.00 | J427: =+H427*I427 -> 40800 | K427: =SUM(J427:J428) -> 60800 | L427: COMPRA MENOR | M427: VENTA DE SERVICIO
A428: 3116 - Ferretería | B428: BOMBILLOS | C428: UNIDAD | D428: 50 | E428: 50 | F428: 50 | G428: 50 | H428: =SUM('PACC - SNCC.F.053'!$D428:$G428) -> 200 | I428: 100 | J428: =+H428*I428 -> 20000 | K428: =SUM(J428:J432) -> 112000 | L428: COMPRA MENOR | M428: VENTA DE SERVICIO
A429: 3116 - Ferretería | B429: SOCALOS | C429: UNIDAD | D429: 10 | E429: 10 | F429: 10 | G429: 10 | H429: =SUM('PACC - SNCC.F.053'!$D429:$G429) -> 40 | I429: 120 | J429: =+H429*I429 -> 4800 | K429: =SUM(J429:J433) -> 97000 | L429: COMPRA MENOR | M429: VENTA DE SERVICIO
A430: 3116 - Ferretería | B430: TOMA CORRIENTES | C430: UNIDAD | D430: 10 | E430: 10 | F430: 10 | G430: 10 | H430: =SUM('PACC - SNCC.F.053'!$D430:$G430) -> 40 | I430: 150 | J430: =+H430*I430 -> 6000 | K430: =SUM(J430:J434) -> 95800 | L430: COMPRA MENOR | M430: VENTA DE SERVICIO
A431: 3116 - Ferretería | B431: ALAMBRE | C431: PIE | D431: 25 | E431: 25 | F431: 25 | G431: 25 | H431: =SUM('PACC - SNCC.F.053'!$D431:$G431) -> 100 | I431: 12 | J431: =+H431*I431 -> 1200 | K431: =SUM(J431:J435) -> 113800 | L431: COMPRA MENOR | M431: VENTA DE SERVICIO
A432: 3116 - Ferretería | B432: LAMPARAS LED | C432: UNIDAD | D432: 10 | E432: 10 | F432: 10 | G432: 10 | H432: =SUM('PACC - SNCC.F.053'!$D432:$G432) -> 40 | I432: 2000 | J432: =+H432*I432 -> 80000 | K432: =SUM(J432:J436) -> 742600 | L432: COMPRA MENOR | M432: VENTA DE SERVICIO
A433: 3116 - Ferretería | B433: CANALETAS PLANA | C433: UNIDAD | D433: 5 | E433: 5 | F433: 5 | G433: 5 | H433: =SUM('PACC - SNCC.F.053'!$D433:$G433) -> 20 | I433: 250 | J433: =+H433*I433 -> 5000 | K433: =SUM(J433:J437) -> 1256600 | L433: COMPRA MENOR | M433: VENTA DE SERVICIO
A434: 3116 - Ferretería | B434: INTERRUPTOR | C434: UNIDAD | D434: 5 | E434: 5 | F434: 5 | G434: 5 | H434: =SUM('PACC - SNCC.F.053'!$D434:$G434) -> 20 | I434: 180 | J434: =+H434*I434 -> 3600 | K434: =SUM(J434:J438) -> 3031800 | L434: COMPRA MENOR | M434: VENTA DE SERVICIO
A435: 3116 - Ferretería | B435: MATERIAL VARIADO PARA PLOMERIA | C435: UNIDAD | D435: 20 | E435: 20 | F435: 20 | G435: 20 | H435: =SUM('PACC - SNCC.F.053'!$D435:$G435) -> 80 | I435: 300 | J435: =+H435*I435 -> 24000 | K435: =SUM(J435:J439) -> 3028200 | L435: COMPRA MENOR | M435: VENTA DE SERVICIO
A436: 4110 - Equipo de laboratorio y científico | B436: Set de diagnóstico portátil | C436: Unidad | D436: 30 | E436: 30 | F436: 30 | G436: 32 | H436: 122 | I436: 21000 | J436: 630000 | K436: 2520000 | L436: COMPRA MENOR | M436: VENTA DE SERVICIOS | T436: 1011 - Productos de casa para el animal doméstico | W436: LICITACIÓN PÚBLICA NACIONAL
A437: 4111 - Instrumentos de medida, observación y ensayo | B437: Esfigmomanómetro portátil con brazalete para adulto | C437: Unidad | D437: 50 | E437: 50 | F437: 50 | G437: 48 | H437: 198 | I437: 3000 | J437: 594000 | K437: 3114000 | L437: COMPRA MENOR | M437: VENTA DE SERVICIOS | T437: 1012 - Pienso para animales | W437: LICITACIÓN RESTRINGIDA
A438: 4111 - Instrumentos de medida, observación y ensayo | B438: Esfigmomanómetro de pared para adulto | C438: Unidad | D438: 50 | E438: 50 | F438: 50 | G438: 57 | H438: 207 | I438: 8600 | J438: =+H438*I438 -> 1780200 | K438: 4894200 | L438: COMPRA MENOR | M438: VENTA DE SERVICIOS
A439: 4111 - Instrumentos de medida, observación y ensayo | B439: Esfigmomanometro con brasalete para niño | C439: Unidad | D439: 50 | E439: 50 | F439: 50 | G439: 57 | H439: =SUM('PACC - SNCC.F.053 (3)'!$D439:$G439) -> 0 | I439: 2300 | J439: =+H439*I439 -> 0 | K439: 5370300 | L439: COMPRA DIRECTA | M439: VENTA DE SERVICIOS
A440: 4111 - Instrumentos de medida, observación y ensayo | B440: Estetoscopio doble campana | C440: Unidad | D440: 40 | E440: 40 | F440: 40 | G440: 35 | H440: 175 | I440: 950 | J440: 166250 | K440: 5536550 | L440: COMPRA DIRECTA | M440: VENTA DE SERVICIOS | T440: 1013 - Recipientes y hábitat para animales | W440: SORTEO DE OBRAS
A441: 4111 - Instrumentos de medida, observación y ensayo | B441: Set de Cura | C441: Unidad | D441: 40 | E441: 40 | F441: 40 | G441: 28 | H441: 148 | I441: 9500 | J441: =+H441*I441 -> 1406000 | K441: 6942550 | L441: COMPRA MENOR | M441: VENTA DE SERVICIOS
A442: 5612 - Mobiliario institucional, escolar y educativo y accesorios | B442: Vitrina de Metal para Medicamentos | C442: Unidad | D442: 25 | E442: 25 | F442: 25 | G442: 34 | H442: 109 | I442: 27500 | J442: =+H442*I442 -> 2997500 | K442: 9940050 | L442: COMPRA MENOR | M442: VENTA DE SERVICIOS
A443: 5612 - Mobiliario institucional, escolar y educativo y accesorios | B443: Camilla de 3 Posiciones | C443: Unidad | D443: 25 | E443: 25 | F443: 25 | G443: 24 | H443: 99 | I443: 104465.4 | J443: =+H443*I443 -> 10342075 | K443: 20282124 | L443: COMPARACIÓN DE PRECIOS | M443: VENTA DE SERVICIOS
A444: 4111 - Instrumentos de medida, observación y ensayo | B444: Balanza Pediatrica | C444: Unidad | D444: 20 | E444: 20 | F444: 20 | G444: 20 | H444: 80 | I444: 10050 | J444: =+H444*I444 -> 804000 | K444: 21086124 | L444: COMPRA MENOR | M444: VENTA DE SERVICIOS
A445: 4111 - Instrumentos de medida, observación y ensayo | B445: Ballanza de Adulto | C445: Unidad | D445: 25 | E445: 25 | F445: 25 | G445: 20 | H445: 95 | I445: 23010 | J445: =+H445*I445 -> 2185950 | K445: 23272074 | L445: COMPRA MENOR | M445: VENTA DE SERVICIOS
A446: 5612 - Mobiliario institucional, escolar y educativo y accesorios | B446: Lampara Cuello Ganzo | C446: Unidad | D446: 25 | E446: 25 | F446: 25 | G446: 39 | H446: 114 | I446: 15104 | J446: 1721856 | K446: 24993930 | L446: COMPRA MENOR | M446: VENTA DE SERVICIOS | T446: 1015 - Semillas, bulbos, plántulas y esquejes | W446: COMPRA MENOR
A447: 4111 - Instrumentos de medida, observación y ensayo | B447: Nebulizador | C447: Unidad | D447: 11 | E447: 11 | F447: 11 | G447: 11 | H447: 44 | I447: 2550 | J447: 112200 | K447: 25106130 | L447: COMPRA DIRECTA | M447: VENTA DE SERVICIOS | T447: 1016 - Productos de floricultura y silvicultura | W447: COMPRA DIRECTA
A448: 5612 - Mobiliario institucional, escolar y educativo y accesorios | B448: Extintores | C448: Unidad | D448: 17 | E448: 17 | F448: 17 | G448: 17 | H448: 68 | I448: 2300 | J448: =+H448*I448 -> 156400 | K448: 25262530 | L448: COMPRA DIRECTA | M448: VENTA DE SERVICIOS
A449: 4111 - Instrumentos de medida, observación y ensayo | B449: Estetoscopio Pediatrico | C449: Unidad | D449: 50 | E449: 50 | F449: 50 | G449: 55 | H449: 205 | I449: 3800 | J449: =+H449*I449 -> 779000 | K449: 29081000 | L449: COMPRA MENOR | M449: VENTA DE SERVICIOS
A450: 5612 - Mobiliario institucional, escolar y educativo y accesorios | B450: Esterilizador de Equipos (Autoclaves) | C450: Unidad | D450: 6 | E450: 6 | F450: 6 | G450: 6 | H450: 24 | I450: 75000 | J450: =+H450*I450 -> 1800000 | K450: 30881000 | L450: COMPRA MENOR | M450: VENTA DE SERVICIOS
A451: 4713 - Suministros de limpieza | B451: Material Gastable de Limpieza | C451: Unidad | D451: 1 | E451: 1 | F451: 1 | G451: 1 | H451: 4 | I451: 800000 | J451: =+H451*I451 -> 3200000 | K451: 34081000 | L451: COMPRA MENOR | M451: VENTA DE SERVICIOS | T451: 1019 - Productos para el control de plagas y malas hierbas

Sheet PACC - SNCC.F.053 (3)
A2: SNCC.F.053 | N2: Fecha de Revisión | O2: 41247
N3: Fecha de Aprobación | O3: 41248
N4: Versión | O4: 1
N5: No. de Páginas | O5: 10
A6: NOMBRE DE LA ENTIDAD: SERVICIO REGIONAL DE SALUD NORCENTRAL II
A7: PLAN ANUAL DE COMPRAS Y CONTRATACIONES AÑO 2020
D9: FECHA DE NECESIDAD
A10: CÓDIGO DEL CATÁLOGO DE BIENES Y SERVICIOS (CBS) | B10: DESCRIPCIÓN DE LA COMPRA O CONTRATACIÓN | C10: UNIDAD DE MEDIDA | D10: PRIMER TRIMESTRE | E10: SEGUNDO TRIMESTRE | F10: TERCER TRIMESTRE | G10: CUARTO TRIMESTRE | H10: CANTIDAD TOTAL | I10: PRECIO UNITARIO ESTIMADO | J10: COSTO TOTAL UNITARIO ESTIMADO | K10: COSTO TOTAL POR CÓDIGO DE CATÁLOGO DE BIENES Y SERVICIOS (CBS) | L10: PROCEDIMIENTO DE SELECCIÓN | M10: FUENTE DE FINANCIAMIENTO | N10: VALOR ADQUIRIDO | O10: OBSERVACIÓN
A11: 4110 - Equipo de laboratorio y científico | B11: Set de diagnóstico portátil | C11: Unidad | D11: 30 | E11: 30 | F11: 30 | G11: 32 | H11: 122 | I11: 21000 | J11: 630000 | K11: 2520000 | L11: COMPRA MENOR | M11: VENTA DE SERVICIOS | T11: 1011 - Productos de casa para el animal doméstico | W11: LICITACIÓN PÚBLICA NACIONAL
A12: 4111 - Instrumentos de medida, observación y ensayo | B12: Esfigmomanómetro portátil con brazalete para adulto | C12: Unidad | D12: 50 | E12: 50 | F12: 50 | G12: 48 | H12: 198 | I12: 3000 | J12: 594000 | K12: 3114000 | L12: COMPRA MENOR | M12: VENTA DE SERVICIOS | T12: 1012 - Pienso para animales | W12: LICITACIÓN RESTRINGIDA
A13: 4111 - Instrumentos de medida, observación y ensayo | B13: Esfigmomanómetro de pared para adulto | C13: Unidad | D13: 50 | E13: 50 | F13: 50 | G13: 57 | H13: 207 | I13: 8600 | J13: =+H13*I13 -> 1780200 | K13: 4894200 | L13: COMPRA MENOR | M13: VENTA DE SERVICIOS
A14: 4111 - Instrumentos de medida, observación y ensayo | B14: Esfigmomanometro con brasalete para niño | C14: Unidad | D14: 50 | E14: 50 | F14: 50 | G14: 57 | H14: =SUM('PACC - SNCC.F.053 (3)'!$D14:$G14) -> 207 | I14: 2300 | J14: =+H14*I14 -> 476100 | K14: 5370300 | L14: COMPRA DIRECTA | M14: VENTA DE SERVICIOS
A15: 4111 - Instrumentos de medida, observación y ensayo | B15: Estetoscopio doble campana | C15: Unidad | D15: 40 | E15: 40 | F15: 40 | G15: 35 | H15: 175 | I15: 950 | J15: 166250 | K15: 5536550 | L15: COMPRA DIRECTA | M15: VENTA DE SERVICIOS | T15: 1013 - Recipientes y hábitat para animales | W15: SORTEO DE OBRAS
A16: 4111 - Instrumentos de medida, observación y ensayo | B16: Set de Cura | C16: Unidad | D16: 40 | E16: 40 | F16: 40 | G16: 28 | H16: 148 | I16: 9500 | J16: =+H16*I16 -> 1406000 | K16: 6942550 | L16: COMPRA MENOR | M16: VENTA DE SERVICIOS
A17: 5612 - Mobiliario institucional, escolar y educativo y accesorios | B17: Vitrina de Metal para Medicamentos | C17: Unidad | D17: 25 | E17: 25 | F17: 25 | G17: 34 | H17: 109 | I17: 27500 | J17: =+H17*I17 -> 2997500 | K17: 9940050 | L17: COMPRA MENOR | M17: VENTA DE SERVICIOS
A18: 5612 - Mobiliario institucional, escolar y educativo y accesorios | B18: Camilla de 3 Posiciones | C18: Unidad | D18: 25 | E18: 25 | F18: 25 | G18: 24 | H18: 99 | I18: 104465.4 | J18: =+H18*I18 -> 10342075 | K18: 20282124 | L18: COMPARACIÓN DE PRECIOS | M18: VENTA DE SERVICIOS
A19: 4111 - Instrumentos de medida, observación y ensayo | B19: Balanza Pediatrica | C19: Unidad | D19: 20 | E19: 20 | F19: 20 | G19: 20 | H19: 80 | I19: 10050 | J19: =+H19*I19 -> 804000 | K19: 21086124 | L19: COMPRA MENOR | M19: VENTA DE SERVICIOS
A20: 4111 - Instrumentos de medida, observación y ensayo | B20: Ballanza de Adulto | C20: Unidad | D20: 25 | E20: 25 | F20: 25 | G20: 20 | H20: 95 | I20: 23010 | J20: =+H20*I20 -> 2185950 | K20: 23272074 | L20: COMPRA MENOR | M20: VENTA DE SERVICIOS
A21: 5612 - Mobiliario institucional, escolar y educativo y accesorios | B21: Lampara Cuello Ganzo | C21: Unidad | D21: 25 | E21: 25 | F21: 25 | G21: 39 | H21: 114 | I21: 15104 | J21: 1721856 | K21: 24993930 | L21: COMPRA MENOR | M21: VENTA DE SERVICIOS | T21: 1015 - Semillas, bulbos, plántulas y esquejes | W21: COMPRA MENOR
A22: 4111 - Instrumentos de medida, observación y ensayo | B22: Nebulizador | C22: Unidad | D22: 11 | E22: 11 | F22: 11 | G22: 11 | H22: 44 | I22: 2550 | J22: 112200 | K22: 25106130 | L22: COMPRA DIRECTA | M22: VENTA DE SERVICIOS | T22: 1016 - Productos de floricultura y silvicultura | W22: COMPRA DIRECTA
A23: 5612 - Mobiliario institucional, escolar y educativo y accesorios | B23: Extintores | C23: Unidad | D23: 17 | E23: 17 | F23: 17 | G23: 17 | H23: 68 | I23: 2300 | J23: =+H23*I23 -> 156400 | K23: 25262530 | L23: COMPRA DIRECTA | M23: VENTA DE SERVICIOS
A24: 4111 - Instrumentos de medida, observación y ensayo | B24: Estetoscopio Pediatrico | C24: Unidad | D24: 50 | E24: 50 | F24: 50 | G24: 55 | H24: 205 | I24: 3800 | J24: =+H24*I24 -> 779000 | K24: 29081000 | L24: COMPRA MENOR | M24: VENTA DE SERVICIOS
A25: 5612 - Mobiliario institucional, escolar y educativo y accesorios | B25: Esterilizador de Equipos (Autoclaves) | C25: Unidad | D25: 6 | E25: 6 | F25: 6 | G25: 6 | H25: 24 | I25: 75000 | J25: =+H25*I25 -> 1800000 | K25: 30881000 | L25: COMPRA MENOR | M25: VENTA DE SERVICIOS
A26: 4713 - Suministros de limpieza | B26: Material Gastable de Limpieza | C26: Unidad | D26: 1 | E26: 1 | F26: 1 | G26: 1 | H26: 4 | I26: 800000 | J26: =+Tabla13[[#This Row],[CANTIDAD TOTAL]]*Tabla13[[#This Row],[PRECIO UNITARIO ESTIMADO]] -> 3200000 | K26: 34081000 | L26: COMPRA MENOR | M26: VENTA DE SERVICIOS | T26: 1019 - Productos para el control de plagas y malas hierbas
A27: 8212 - Servicios de reproducción | B27: Impresos | C27: Unidad | D27: 3 | E27: 3 | F27: 3 | G27: 3 | H27: =SUM('PACC - SNCC.F.053 (3)'!$D27:$G27) -> 12 | I27: 500000 | J27: =+H27*I27 -> 6000000 | K27: 40081000 | L27: COMPRA MENOR | M27: VENTA DE SERVICIOS
A28: 3020 - Estructuras prefabricadas | B28: Refrigerios y Almuerzos | C28: Unidad | D28: 1 | E28: 1 | F28: 1 | G28: 1 | H28: =SUM('PACC - SNCC.F.053 (3)'!$D28:$G28) -> 4 | I28: 750000 | J28: =+H28*I28 -> 3000000 | K28: 43081000 | L28: COMPRA MENOR | M28: VENTA DE SERVICIOS
A29: 1411 - Productos de papel | B29: Material gastable de oficina | C29: Unidad | D29: 1 | E29: 1 | F29: 1 | G29: 1 | H29: =SUM('PACC - SNCC.F.053 (3)'!$D29:$G29) -> 4 | I29: 300000 | J29: =+H29*I29 -> 1200000 | K29: 44281000 | L29: COMPRA MENOR | M29: VENTA DE SERVICIOS
A30: 5121 - Categorías de medicamentos varios | B30: Medicamentos | C30: Unidad | D30: 1 | E30: 1 | F30: 1 | G30: 1 | H30: =SUM('PACC - SNCC.F.053 (3)'!$D30:$G30) -> 4 | I30: 2000000 | J30: =+H30*I30 -> 8000000 | K30: 52281000 | L30: COMPRA MENOR | M30: VENTA DE SERVICIOS
A31: 4112 - Suministros y accesorios de laboratorio | B31: Productos Quimicos de Laboratorio | C31: Unidad | D31: 1 | E31: 1 | F31: 1 | G31: 1 | H31: =SUM('PACC - SNCC.F.053 (3)'!$D31:$G31) -> 4 | I31: 2000000 | J31: =+H31*I31 -> 8000000 | K31: 60281000 | L31: COMPRA MENOR
A32: 1510 - Combustibles | B32: Combustible (Gasoil, Gasolina y Gas Propano) | C32: Unidad | D32: 4 | E32: 4 | F32: 4 | G32: 4 | H32: =SUM('PACC - SNCC.F.053 (3)'!$D32:$G32) -> 16 | I32: 3000000 | J32: =+H32*I32 -> 48000000 | K32: 98281000 | L32: COMPRA MENOR | M32: VENTA DE SERVICIOS
A33: 2510 - Vehículos de motor | B33: Mantenimiento de Vehículos | C33: Unidad | D33: 1 | E33: 1 | F33: 1 | G33: 1 | H33: 4 | I33: 500000 | J33: =+H33*I33 -> 2000000 | K33: 100281000 | L33: COMPRA DIRECTA | M33: VENTA DE SERVICIOS | T33: 1112 - Productos no comestibles de planta y silvicultura
A34: 5612 - Mobiliario institucional, escolar y educativo y accesorios | B34: Armario para Medicamentos | C34: Unidad | D34: 10 | E34: 10 | F34: 10 | G34: 10 | H34: 40 | I34: 42500 | J34: =+H34*I34 -> 1700000 | K34: 101981000 | L34: COMPRA MENOR | M34: VENTA DE SERVICIOS | T34: 1112 - Productos no comestibles de planta y silvicultura
A35: 5612 - Mobiliario institucional, escolar y educativo y accesorios | B35: Bancada de Metal | C35: Unidad | D35: 10 | E35: 10 | F35: 10 | G35: 10 | H35: 40 | I35: 10000 | J35: =+H35*I35 -> 400000 | K35: 102381000 | L35: COMPRA DIRECTA | M35: VENTA DE SERVICIOS | T35: 1112 - Productos no comestibles de planta y silvicultura
A36: 5612 - Mobiliario institucional, escolar y educativo y accesorios | B36: Sillon Ejecutivo | C36: Unidad | D36: 5 | E36: 5 | F36: 5 | G36: 15 | H36: 30 | I36: 9000 | J36: =+H36*I36 -> 270000 | K36: 102651000 | L36: COMPRA DIRECTA | M36: VENTA DE SERVICIOS | T36: 1112 - Productos no comestibles de planta y silvicultura
A37: 5612 - Mobiliario institucional, escolar y educativo y accesorios | B37: Sillas Secretariales | C37: Unidad | D37: 5 | E37: 5 | F37: 5 | G37: 5 | H37: 20 | I37: 4000 | J37: =+H37*I37 -> 80000 | K37: 102731000 | L37: COMPRA DIRECTA | M37: VENTA DE SERVICIOS | T37: 1112 - Productos no comestibles de planta y silvicultura
A38: 5612 - Mobiliario institucional, escolar y educativo y accesorios | B38: Escritorios | C38: Unidad | D38: 5 | E38: 5 | F38: 5 | G38: 5 | H38: 20 | I38: 10000 | J38: =+H38*I38 -> 200000 | K38: 102931000 | L38: COMPRA DIRECTA | M38: VENTA DE SERVICIOS | T38: 1112 - Productos no comestibles de planta y silvicultura
A39: 5612 - Mobiliario institucional, escolar y educativo y accesorios | B39: Archivos de Metal de 4 Gabetas | C39: Unidad | D39: 8 | E39: 8 | F39: 8 | G39: 6 | H39: 30 | I39: 8500 | J39: =+H39*I39 -> 255000 | K39: 103186000 | L39: COMPRA DIRECTA | M39: VENTA DE SERVICIOS | T39: 1112 - Productos no comestibles de planta y silvicultura
A40: 5612 - Mobiliario institucional, escolar y educativo y accesorios | B40: Archivos de Metal de 2 Gabetas | C40: Unidad | D40: 8 | E40: 8 | F40: 8 | G40: 6 | H40: 30 | I40: 5500 | J40: =+H40*I40 -> 165000 | K40: 103351000 | L40: COMPRA DIRECTA | M40: VENTA DE SERVICIOS | T40: 1112 - Productos no comestibles de planta y silvicultura
A41: 5612 - Mobiliario institucional, escolar y educativo y accesorios | B41: Sillas de Visitas | C41: Unidad | D41: 10 | E41: 10 | F41: 10 | G41: 10 | H41: 40 | I41: 1400 | J41: =+H41*I41 -> 56000 | K41: 103407000 | L41: COMPRA DIRECTA | M41: VENTA DE SERVICIOS | T41: 1112 - Productos no comestibles de planta y silvicultura
A42: 5612 - Mobiliario institucional, escolar y educativo y accesorios | B42: Mampara | C42: Unidad | D42: 10 | E42: 10 | F42: 10 | G42: 10 | H42: 40 | I42: 6000 | J42: 240000 | K42: 103647000 | L42: COMPRA DIRECTA | M42: VENTA DE SERVICIOS | T42: 1112 - Productos no comestibles de planta y silvicultura
A43: 5612 - Mobiliario institucional, escolar y educativo y accesorios | B43: Nevera Biologica | C43: Unidad | D43: 5 | E43: 5 | F43: 5 | G43: 5 | H43: 20 | I43: 130000 | J43: =+H43*I43 -> 2600000 | K43: 106247000 | L43: COMPRA MENOR | M43: VENTA DE SERVICIOS | T43: 1112 - Productos no comestibles de planta y silvicultura
A44: 5612 - Mobiliario institucional, escolar y educativo y accesorios | B44: Nevera Domestica | C44: Unidad | D44: 5 | E44: 5 | F44: 5 | G44: 5 | H44: 20 | I44: 30000 | J44: =+H44*I44 -> 600000 | K44: 106847000 | L44: COMPRA MENOR | M44: VENTA DE SERVICIOS
A45: 5612 - Mobiliario institucional, escolar y educativo y accesorios | B45: Estufa con Hornos | C45: Unidad | D45: 5 | E45: 5 | F45: 5 | G45: 5 | H45: 20 | I45: 12000 | J45: =+H45*I45 -> 240000 | K45: 107087000 | L45: COMPRA DIRECTA | M45: VENTA DE SERVICIOS
A46: 2510 - Vehículos de motor | B46: Vehiculos | C46: Unidad | D46: 0 | E46: 1 | F46: 1 | G46: 0 | H46: 2 | I46: 2000000 | J46: =+H46*I46 -> 4000000 | K46: 111087000 | L46: COMPRA MENOR | M46: VENTA DE SERVICIOS
T48: 1512 - Lubricantes, aceites, grasas y anticorrosivos
J49: TOTAL | K49: 111087000 | T49: 1513 - Combustible para reactores nucleares
T50: 2010 - Maquinaria y equipo de minería y explotación de canteras
T51: 2011 - Equipo de perforación y explotación de pozos
T52: 2012 - Equipo para perforación y exploración para petróleo
T53: 2013 - Materiales para operaciones y perforación de petróleo y gas
T54: 2014 - Equipo de producción y operación de gas y petróleo
T55: 2110 - Maquinaria y equipo para agricultura, silvicultura y paisaje
T56: 2111 - Equipo de pesca y acuicultura
T57: 2210 - Maquinaria y equipo pesado de construcción
T58: 2310 - Maquinaria para la transformación de materias primas
T59: 2311 - Maquinaria para transformación de petróleo
T60: 2312 - Maquinaria y accesorios de textiles y tejidos
T61: 2313 - Maquinaria y equipos lapidarios
... T356: 9413 - Organizaciones, asociaciones y movimientos cívicos
